 Dungeon Crawl Stone Soup version 0.26.0-45-g9c1d065592 (webtiles) character file.

Game seed: 16755056176439751663

(classic levelgen) 77 thiole the Stinger (level 4, 0/27 HPs)
             Began as an Octopode Venom Mage on Jan 31, 2021.
             Slain by a jackal (2 damage)
             ... on level 2 of the Dungeon.
             The game lasted 00:01:55 (2434 turns).

thiole the Stinger (Octopode Venom Mage)            Turns: 2434, Time: 00:01:56

Health: 0/27       AC:  1    Str:  7    XL:     4   Next: 34%
Magic:  3/8        EV: 13    Int: 18    God:
Gold:   82         SH:  0    Dex: 12    Spells: 8/9 levels left

rFire    . . .     SeeInvis .   (no weapon)
rCold    . . .     Faith    .   (no shield)
rNeg     . . .     Spirit   .   (helmet restricted)
rPois    .         Reflect  .   (no amulet)
rElec    .         Harm     .   (no ring)
rCorr    .         Rampage  .   (no ring)
Will     .....                  (no ring)
Stlth    +++.......             (no ring)
HPRegen  0.09/turn              (no ring)
MPRegen  0.11/turn              (no ring)
                                (no ring)
                                (no ring)

@: lethally poisoned (0 -> -5)
A: almost no armour, stealthy swim, amphibious, 8 rings, constrict 8, camouflage
1, gelatinous body 1
a: no special abilities


You were on level 2 of the Dungeon.
You visited 1 branch of the dungeon, and saw 2 of its levels.

You collected 82 gold pieces.

Inventory:

Wands
 l - a wand of digging (6)
Scrolls
 a - a scroll of enchant armour {unknown}
 d - a scroll of remove curse {unknown}
 e - a scroll of teleportation {unknown}
 h - a scroll of amnesia {unknown}
 i - a scroll of identify {unknown}
 k - a scroll of enchant weapon {unknown}
Potions
 b - a potion of heal wounds {unknown}
 c - a potion of magic {unknown}
 f - a potion of might {unknown}
 g - 2 potions of curing {unknown}
 j - a potion of flight {unknown}


   Skills:
 - Level 2.0 Dodging
 - Level 2.6 Stealth
 + Level 3.2 Spellcasting
 - Level 1.0 Transmutations
 - Level 5.0 Poison Magic


You had 8 spell levels left.
You knew the following spells:

 Your Spells              Type           Power        Failure   Level
a - Sting                 Tmut/Pois      52%          4%          1

Your spell library contained the following spells:

 Spells                   Type           Power        Failure   Level
 Poisonous Vapours        Pois/Air       22%          9%          2
 Olgreb's Toxic Radiance  Pois           20%          21%         4
 Ignite Poison            Fire/Tmut/Pois 10%          22%         3
 Mephitic Cloud           Conj/Pois/Air  8%           24%         3


Dungeon Overview and Level Annotations

Branches:
Dungeon (2/15)

Altars:


Innate Abilities, Weirdness & Mutations

You cannot wear most types of armour.
You are very stealthy in the water. (Stealth+)
You are amphibious.
You can wear up to eight rings at the same time.
You can use your tentacles to constrict eight enemies at once.
Your skin changes colour to match your surroundings (Stealth+).
Your rubbery body absorbs attacks. (AC +1, EV +1)


Message History

Aiming: Sting (safe; 4% risk of failure)
Press: ? - help, Shift-Dir - straight line, f/p - adder
Aim: an adder (heavily wounded, very poisoned, 47% to evade)
The sting misses the adder.
The adder closely misses you. The jackal bites you.
* * * LOW HITPOINT WARNING * * *
The jackal bites you but does no damage.
The jackal barely misses you. The adder barely misses you.
There is a lethal amount of poison in your body!
Casting: Sting (safe; 4% risk of failure)
Confirm with . or Enter, or press ? or * to list all spells.
Aiming: Sting (safe; 4% risk of failure)
Press: ? - help, Shift-Dir - straight line, f/p - adder
Aim: an adder (heavily wounded, very poisoned, 47% to evade)
The sting misses the adder.
* * * LOW HITPOINT WARNING * * *
You feel sick. The jackal completely misses you. The jackal barely misses you.
The jackal bites you.
* * * LOW HITPOINT WARNING * * *
The adder barely misses you. The jackal bites you.
You die...

#.##..######.####
#.#.##>.#....#.#...
#.#.##..#.#........
#.#.##..#.####.#[#.
#.#......(.....#.#.
#.#.......######.#.
#.#................
###S#.#......#####.#.
#..h@.#..............
#..hh........##...#†.
#.......#......##...#..
#.....###......##...#..
#..... ................
###### ##########.....#
#..†... #.###.# #. #..


You could see an adder (poisoned) and 3 jackals.

Vanquished Creatures
  3 adders (D:2)
  An ooze (D:1)
  A dart slug (D:1)
  4 leopard geckos
  3 giant cockroaches (D:2)
  7 goblins
  A hobgoblin (D:1)
  2 jackals (D:2)
  5 kobolds
  A ball python (D:1)
  5 bats
  5 frilled lizards
  2 rats (D:1)
40 creatures vanquished.

Notes
Turn   | Place    | Note
-------+----------+-------------------------------------------
     0 | D:1      | thiole the Octopode Venom Mage began the quest for the Orb.
     0 | D:1      | Reached XP level 1. HP: 11/11 MP: 3/3
   263 | D:1      | Reached skill level 4 in Poison Magic
   311 | D:1      | Reached XP level 2. HP: 11/17 MP: 0/5
   995 | D:1      | Reached XP level 3. HP: 21/21 MP: 3/6
  1041 | D:1      | Reached skill level 5 in Poison Magic
  1404 | D:2      | Found a faded altar of an unknown god.
  2003 | D:2      | Reached XP level 4. HP: 27/27 MP: 6/8
  2434 | D:2      | Slain by a jackal

Illustrated notes

Levels and vault maps discovered:
D:1:      psy_arrival_dodecagon, layout_basic
D:2:      layout_basic, chequers_ecumenical_altar_simple,
          chequers_serial_rivers_small_b

Skill      XL: |  1  2  3  4 |
---------------+-------------+-----
Poison Magic   | 4 5 |  5.0
Spellcasting   | 3 |  3.2
Dodging        | |  2.0
Stealth        | |  2.6
Transmutations | |  1.0

Action                   |  1- 3 |  4- 6 || total
-------------------------+-------+-------++-------
Melee: Unarmed           |    17 |     7 ||    24
       Constrict         |     7 |     1 ||     8
       Tentacles         |     1 |       ||     1
 Cast: Sting             |    59 |    22 ||    81
Armor: Skin              |     1 |     1 ||     2
Dodge: Dodged            |    22 |    20 ||    42
